 Dungeon Crawl Stone Soup version 0.30-a0-6-g7c9e10e132 (webtiles) character file.

Game seed: 7501292482136018649

3179 nickcage the Fencer (level 9, -2/71 HPs)
             Began as a Minotaur Gladiator on Aug 22, 2022.
             Was a Follower of the Shining One.
             Killed from afar by an electric eel (6 damage)
             ... with a bolt of electricity
             ... on level 8 of the Dungeon.
             The game lasted 00:16:48 (9690 turns).

nickcage the Fencer (Minotaur Gladiator)            Turns: 9690, Time: 00:16:50

Health: -2/71      AC: 15    Str: 28    XL:     9   Next: 63%
Magic:  9/9        EV:  8    Int:  5    God:    the Shining One [*.....]
Gold:   1606       SH:  0    Dex: 17    Spells: 8/8 levels left

rFire   . . .      SeeInvis .    a - +0 long sword (freeze)
rCold   . . .      Faith    .    (no shield)
rNeg    . . .      Spirit   .    E - +0 plate armour
rPois   .          Reflect  .    c - +0 hat
rElec   .          Harm     .    r - +2 cloak {Will+}
rCorr   .          Rampage  .    x - +0 pair of gloves "Tufue" {Will+ Str+4}
Will    ++...                    L - +0 pair of boots
Stlth   ..........               (no amulet)
HPRegen 0.21/turn                z - +6 ring of dexterity
MPRegen 0.11/turn                (no ring)

@: glowing
A: horns 2, retaliatory headbutt
a: Renounce Religion, Divine Shield


You were on level 8 of the Dungeon.
You worshipped the Shining One.
The Shining One was aware of your devotion.
You visited 2 branches of the dungeon, and saw 9 of its levels.

You collected 1606 gold pieces.

Inventory:

Hand Weapons
 a - a +0 long sword of freezing (weapon)
 D - a +0 dire flail
Missiles
 d - 3 throwing nets
 s - a javelin
 t - 20 poisoned darts (quivered)
Armour
 b - a +0 leather armour
 c - a +0 hat (worn)
 j - a +0 ring mail
 r - a +2 cloak of willpower (worn)
 x - the +0 pair of gloves "Tufue" (worn) {Will+ Str+4}
   (You found it on level 5 of the Dungeon)

   Str:       It affects your strength (+4).
   Will:      It increases your willpower.
 B - a +0 chain mail
 E - a +0 plate armour (worn)
 L - a +0 pair of boots (worn)
Jewellery
 z - a +6 ring of dexterity (left hand)
Wands
 w - a wand of polymorph (6)
 C - a wand of flame (18)
 I - a wand of mindburst (14)
 J - a wand of roots (7)
 K - a wand of paralysis (10)
Scrolls
 g - a scroll of teleportation
 h - 2 scrolls of immolation
 i - 6 scrolls of identify
 m - a scroll of brand weapon
 p - 2 scrolls of fog
 v - a scroll of noise
 y - 2 scrolls of blinking
Potions
 e - a potion of magic {unknown}
 f - a potion of flight {unknown}
 k - 3 potions of might
 l - a potion of resistance {unknown}
 n - a potion of curing {unknown}
 o - 3 potions of mutation {unknown}
 q - 2 potions of ambrosia {unknown}
 u - 2 potions of attraction {unknown}
 A - 2 potions of haste {unknown}
 F - 2 potions of berserk rage {unknown}
 G - a potion of brilliance {unknown}
 H - a potion of heal wounds {unknown}


   Skills:
 + Level 3.9 Fighting
 + Level 15.5 Long Blades
 - Level 2.0 Throwing
 - Level 3.2 Dodging
 * Level 2.5 Invocations
 - Level 1.0 Evocations


You had 8 spell levels left.
You didn't know any spells.
Your spell library contained the following spells:

 Spells                   Type           Power      Damage    Failure   Level
 Apportation              Tloc           0%         N/A       100%        1
 Foxfire                  Conj/Fire      0%         2x1d4     100%        1
 Necrotise                Necr           0%         1d4       100%        1
 Summon Small Mammal      Summ           0%         N/A       100%        1
 Conjure Flame            Conj/Fire      0%         6-21      100%        3
 Inner Flame              Hex/Fire       0%         N/A       100%        3
 Cause Fear               Hex            0%         N/A       100%        4
 Flame Wave               Conj/Fire      0%         2d4       100%        4
 Discord                  Hex            0%         N/A       100%        8


Dungeon Overview and Level Annotations

Branches:
Dungeon (8/15)             Temple (1/1) D:5
   Lair: D:8-11

Altars:
Ashenzari
Cheibriados
Dithmenos
Elyvilon
Fedhas
Gozag
Hepliaklqana
Kikubaaqudgha
Nemelex Xobeh
Okawaru
Qazlal
Ru
Sif Muna
Trog
Uskayaw
Vehumet
Wu Jian
Xom
Zin
The Shining One

Annotations:
D:7 2 transporters


Innate Abilities, Weirdness & Mutations

You have a pair of horns on your head.
You reflexively headbutt those who attack you in melee.


Message History

Found a chain mail.
Found a stone staircase leading down.
You now have 1606 gold pieces (gained 19).
Found an escape hatch in the ceiling.
An electric eel comes into view.
An electric eel is nearby!
There is an escape hatch in the ceiling here.
An electric eel comes into view. 2 electric eels come into view.
The electric eel shoots out a bolt of lightning at you!
The bolt of electricity hits you.
The electric eel shoots out a bolt of lightning at you!
The bolt of electricity hits you!
The electric eel shoots out a bolt of lightning at you!
The bolt of electricity hits you.
An electric eel comes into view.
You slash the electric eel!
The electric eel seems to slow down.
You freeze the electric eel.
The electric eel is almost dead.
The electric eel shoots out a bolt of lightning at you!
The bolt of electricity hits you.
You completely miss the electric eel. You headbutt the electric eel.
You kill the electric eel!
The electric eel shoots out a bolt of lightning at you!
The bolt of electricity hits you.
The electric eel shoots out a bolt of lightning at you!
The bolt of electricity hits the electric eel.
The electric eel completely resists.
The bolt of electricity hits you!
An electric eel comes into view.
The electric eel shoots out a bolt of lightning at you!
The bolt of electricity hits you!
The electric eel shoots out a bolt of lightning at you!
The bolt of electricity hits you!
* * * LOW HITPOINT WARNING * * *
The electric eel shoots out a bolt of lightning at you!
The bolt of electricity hits you!
* * * LOW HITPOINT WARNING * * *
The electric eel shoots out a bolt of lightning at you!
The bolt of electricity misses the electric eel.
The bolt of electricity hits you.
You die...

...~~~~≈≈≈≈ #.# #....
#.~~~~~≈≈≈### #.## #####
..~~P≈≈≈S...## #..#
...~≈≈~~.~...# ##.#
.~≈P≈~~.~....### #)#
..~≈≈~....#.##.# #)###
≈~P≈≈P~..##.##.# ##)#.##
~≈≈S~~S.....[..###.)...####
~≈≈≈S.~...@...........<...'
P≈≈≈~.......#.####.....####
~≈≈~~...#####.# ##.#.## #
~≈≈~....# #.# #.###
≈≈≈~..... ..# #.# ≈≈~~~..##
### #^# ≈~~~~.. #.# #
~~.... #># # .


You could see 3 electric eels.

Vanquished Creatures
  A hornet (D:5)
  Grum (D:8)
  Menkaure (D:5)
  Duvessa (D:5)
  A water moccasin (D:7)
  2 orc warriors
  2 ice beasts (D:6)
  2 sky beasts (D:7)
  2 black bears (D:5)
  2 wolves (D:8)
  A centaur (D:7)
  2 kobold brigands
  2 scorpions
  A bullfrog (D:6)
  8 wights
  Dowan (D:5)
  2 electric eels
  2 hounds (D:6)
  4 jellies
  2 orc priests (D:4)
  Crazy Yiuf (D:2)
  A gnoll bouda (D:7)
  Ijyb (D:3)
  5 iguanas
  7 adders
  6 gnolls
  3 river rats (D:5)
  2 shadow imps (D:6)
  A white imp (D:6)
  An ufetubus (D:5)
  6 worms
  A dart slug (D:2)
  14 orcs
  8 bats
  5 endoplasms
  2 giant cockroaches
  3 hobgoblins
  4 jackals
  8 quokkas
  5 ball pythons
  3 frilled lizards
  5 goblins
  15 kobolds
  8 rats
155 creatures vanquished.

Vanquished Creatures (others)
  5 plants (D:7)
5 creatures vanquished.

Grand Total: 160 creatures vanquished

Notes
Turn   | Place    | Note
-------+----------+-------------------------------------------
     0 | D:1      | nickcage the Minotaur Gladiator began the quest for the
                  | Orb.
     0 | D:1      | Reached XP level 1. HP: 18/18 MP: 0/0
    79 | D:1      | Reached skill level 4 in Long Blades
   275 | D:1      | Reached XP level 2. HP: 25/25 MP: 1/1
   673 | D:1      | Reached skill level 5 in Long Blades
   877 | D:1      | Reached XP level 3. HP: 29/30 MP: 2/2
  1086 | D:2      | Found a faded altar of an unknown god.
  1744 | D:2      | Reached skill level 6 in Long Blades
  1744 | D:2      | Reached XP level 4. HP: 31/37 MP: 3/3
  2115 | D:2      | Found a runed translucent door.
  2116 | D:2      | Noticed Crazy Yiuf
  2122 | D:2      | Killed Crazy Yiuf
  2403 | D:3      | Noticed a scorpion
  2412 | D:3      | Killed a scorpion
  2413 | D:3      | Reached skill level 7 in Long Blades
  2413 | D:3      | Reached XP level 5. HP: 30/42 MP: 4/4
  2671 | D:3      | Found a hazy altar of Hepliaklqana.
  2867 | D:3      | Noticed Ijyb
  2891 | D:3      | Killed Ijyb
  3553 | D:4      | Noticed an orc warrior
  3936 | D:3      | Reached skill level 8 in Long Blades
  4182 | D:4      | Reached XP level 6. HP: 37/50 MP: 5/5
  4292 | D:4      | Killed an orc warrior
  4293 | D:4      | Reached skill level 9 in Long Blades
  5111 | D:5      | Entered Level 5 of the Dungeon
  5132 | D:5      | Reached XP level 7. HP: 51/56 MP: 6/6
  5143 | D:5      | Reached skill level 10 in Long Blades
  5160 | D:5      | Found an iron altar of Okawaru.
  5192 | D:5      | Noticed a hornet
  5197 | D:5      | Paralysed by a hornet for 2 turns
  5201 | D:5      | Killed a hornet
  5366 | D:5      | Found a staircase to the Ecumenical Temple.
  5375 | D:5      | Reached skill level 11 in Long Blades
  5385 | Temple   | Entered the Ecumenical Temple
  5641 | Temple   | Became a worshipper of the Shining One
  5661 | D:5      | Identified a scroll of acquirement
  5661 | D:5      | Acquired 1153 gold pieces
  6150 | D:5      | Identified the +0 pair of gloves "Tufue" {Will+ Str+4}
  6158 | D:5      | Noticed Dowan
  6158 | D:5      | Noticed Menkaure
  6159 | D:5      | Noticed Duvessa
  6188 | D:5      | Killed Duvessa
  6189 | D:5      | Reached XP level 8. HP: 37/62 MP: 7/7
  6560 | D:5      | Killed Dowan
  6618 | D:5      | Killed Menkaure
  6619 | D:5      | Reached skill level 12 in Long Blades
  7166 | D:6      | Reached skill level 13 in Long Blades
  7467 | D:6      | Reached skill level 14 in Long Blades
  7941 | D:7      | Reached skill level 1 in Evocations
  7941 | D:7      | Reached XP level 9. HP: 68/68 MP: 8/8
  8018 | D:7      | Found a transporter.
  8027 | D:7      | Identified the +1 robe "Efoil" {+Blink rC++ rN++}
  8027 | D:7      | Reached * piety under the Shining One
  8036 | D:7      | Reached skill level 1 in Invocations
  8096 | D:7      | Identified the ring "Miarukh" {rElec rCorr MP-9 AC+4 SInv}
  8404 | D:7      | Reached skill level 15 in Long Blades
  8662 | D:7      | Identified the +1 ring mail of Plog {rF+ Str+4 Dex+4}
  8801 | D:7      | Found a transporter.
  9012 | D:8      | Noticed Grum
  9248 | D:8      | Killed Grum
  9690 | D:8      | Killed from afar by an electric eel

Illustrated notes

Levels and vault maps discovered:
D:1:      dpeg_arrival_stonehenge_12_columns, layout_basic, st_stairs_2
D:2:      layout_basic, hellmonk_ecumenical_altar_arch_garden,
          uniq_crazy_yiuf_cottage
D:3:      layout_loops_corners, nicolae_hepliaklqana_hazy_memory, uniq_ijyb
D:4:      layout_basic, hangedman_feature_mirror
D:5:      layout_loops_ring, okawaru_ov_weapons_minmay,
          minmay_temple_entry_trees, lightli_sewer_entry_pipes, uniq_menkaure,
          uniq_duvessa
D:6:      layout_loops_ring, nrook_loot_triangle
D:7:      gammafunk_beogh_shrine, layout_basic, serial_bayou_ford_a
D:8:      layout_loops_corners, kennysheep_little_box, chequers_big_river,
          uniq_grum
Temple:   regret_index_temple_mists

Skill      XL: |  1  2  3  4  5  6  7  8  9 |
---------------+----------------------------+-----
Long Blades    | 4 5 6 7 8 9 11 14 15 | 15.5
Evocations     | 1 |  1.0
Invocations    | 2 |  2.5
Fighting       | 3 |  3.9
Throwing       | |  2.0
Dodging        | |  3.2

Action                   |  1- 3 |  4- 6 |  7- 9 || total
-------------------------+-------+-------+-------++-------
Melee: Long sword        |    90 |   103 |   208 ||   401
       Headbutt          |    10 |    23 |    48 ||    81
       Punch             |     2 |     2 |     3 ||     7
       Unarmed           |       |    17 |       ||    17
Throw: Javelin           |       |     1 |       ||     1
       Dart              |       |     5 |    12 ||    17
Evoke: Wand              |       |       |     1 ||     1
  Use: Scroll            |       |     6 |     6 ||    12
       Potion            |       |       |     1 ||     1
Armor: Leather armour    |     8 |       |       ||     8
       Ring mail         |    27 |    16 |       ||    43
       Skin              |       |     3 |       ||     3
       Chain mail        |       |     6 |    30 ||    36
       Plate armour      |       |       |    45 ||    45
Dodge: Dodged            |    46 |    74 |    70 ||   190

Table legend: (Time is in decaauts)
 A = Elapsed time spent in this place.
 B = Non-inter-level travel time spent in this place.
 C = Inter-level travel time spent in this place.
 D = Time resting spent in this place.
 E = Time spent auto-exploring this place.
 F = Levels seen in this place.
 G = Mean time per level.
                   A        B        C        D        E       F      G
               +--------+--------+--------+--------+--------+-----+--------+
         Total |   9763 |   9429 |    334 |   2204 |   5939 |   9 | 1084.8 |
       Dungeon |   9445 |   9111 |    334 |   2204 |   5681 |   8 | 1180.6 |
        Temple |    317 |    317 |      0 |      0 |    258 |   1 |  317.0 |
               +--------+--------+--------+--------+--------+-----+--------+

Top non-repeatable levels by time:
     D:3: 1723 daAuts
     D:5: 1398 daAuts
     D:2: 1358 daAuts
     D:7: 1283 daAuts
     D:4: 1136 daAuts
     D:1: 1059 daAuts
     D:6: 966 daAuts
     D:8: 519 daAuts
  Temple: 317 daAuts
